 Dungeon Crawl Stone Soup version 0.27-a0-385-g3208abaabc (webtiles) character file.

Game seed: 12844120977037988819

373 sanka the Skirmisher (level 6, 0/57 HPs)
             Began as a Ghoul Monk on Feb 19, 2021.
             Slain by a jackal skeleton (2 damage)
             ... while paralysed by Grinder
             ... on level 4 of the Dungeon.
             The game lasted 00:05:36 (4799 turns).

sanka the Skirmisher (Ghoul Monk)                   Turns: 4799, Time: 00:05:36

Health: 0/57       AC: 11    Str: 17    XL:     6   Next: 72%
Magic:  5/5        EV:  2    Int:  5    God:
Gold:   195        SH:  0    Dex: 11    Spells: 5/5 levels left

rFire    . . .     SeeInvis .   j - +4 quarterstaff (chaos)
rCold    + . .     Faith    .   (shield currently unavailable)
rNeg     + + +     Spirit   .   n - +0 chain mail
rPois    ∞         Reflect  .   u - +0 helmet
rElec    .         Harm     .   i - +0 cloak
rCorr    .         Rampage  .   m - +0 pair of gloves
Will     .....                  (no boots)
Stlth    ..........             (no amulet)
HPRegen  0.00/turn              (no ring)
MPRegen  0.09/turn              (no ring)

@: paralysed
A: claws 1, cold resistance 1, negative energy resistance 3, inhibited
regeneration, torment resistance, unbreathing
a: no special abilities


You were on level 4 of the Dungeon.
You visited 1 branch of the dungeon, and saw 4 of its levels.

You collected 195 gold pieces.


Innate Abilities, Weirdness & Mutations

You thrive by killing the living.
You are immune to poison.
You have sharp fingernails.
Your flesh is cold resistant. (rC+)
You are immune to negative energy. (rN+++)
You do not regenerate when monsters are visible.
You are immune to unholy pain and torment.
You can survive without breathing.


   Skills:
 + Level 6.2 Fighting
 + Level 4.9 Axes
 - Level 2.6 Dodging
 - Level 2.1 Stealth


You had 5 spell levels left.
You didn't know any spells.
Your spell library contained the following spells:

 Spells                   Type           Power        Failure   Level
 Confusing Touch          Hex            0%           100%        3
 Gell's Gravitas          Tloc           0%           100%        3
 Petrify                  Tmut/Erth      0%           100%        4
 Metabolic Englaciation   Hex/Ice        0%           100%        5
 Yara's Violent Unravell  Hex/Tmut       0%           100%        5

Inventory:

Hand Weapons
 a - a +0 hand axe
 d - a +1 dagger of venom
 j - a +4 quarterstaff of chaos (weapon)
 p - a +0 war axe
Armour
 b - a +0 robe
 i - a +0 cloak (worn)
 m - a +0 pair of gloves (worn)
 n - a +0 chain mail (worn)
 u - a +0 helmet (worn)
Wands
 k - a wand of digging (7)
 t - a wand of iceblast (8)
Scrolls
 g - 5 scrolls of teleportation {unknown}
 h - 2 scrolls of identify {unknown}
 l - a scroll of immolation {unknown}
 o - a scroll of blinking {unknown}
 q - a scroll of amnesia {unknown}
 r - a scroll of random uselessness {unknown}
 s - a scroll of fear {unknown}
Potions
 c - 2 potions of curing {unknown}
 e - a potion of haste {@q3}
 f - a potion of might {unknown}

Dungeon Overview and Level Annotations

Branches:
Dungeon (4/15)
 Temple: D:4-7

Altars:
Ru
Wu Jian

Shops:
D:4 !

Annotations:
D:4 Grinder

▒▒..▒ ▒..▒ ▒.▒▒
▒▒..▒▒▒▒▒..▒ ▒.▒
▒▒....▒▒...▒ ▒)▒
▒▒▒....▒....▒ ▒▒.▒
▒▒....▒▒▒▒...▒
▒▒..▒ ...▒▒▒▒
▒...▒ ▒▒▒▒...▒
..▒▒
▒...▒▒▒▒▒.....▒▒
..▒
▒▒......5.▒▒▒▒▒
..▒▒ ▒....Zn▒▒▒
...▒ ▒.....▒▒
▒..▒▒ ▒.....▒
▒▒..▒▒▒ ▒▒.....▒▒
▒▒...▒▒▒▒..▒▒▒..▒▒
▒▒<..▒...▒▒ ▒▒..▒▒
▒▒.....▒▒ ▒▒..▒▒
▒▒.[..▒ ▒▒..▒▒ ▒
▒.[..▒ ▒▒..▒▒


You could see Grinder (agile) and a jackal skeleton.


Message History

Unknown command.
You closely miss Grinder.
Grinder is almost dead.
The jackal skeleton bites you but does no damage.
The jackal skeleton bites you but does no damage.
Grinder says, "FISH!"
Grinder completely misses you.
Unknown command.
You barely miss Grinder.
Grinder is almost dead.
The jackal skeleton barely misses you. Grinder gestures at you.
You suddenly lose the ability to move!
The jackal skeleton barely misses you. Grinder hits you.
* * * LOW HITPOINT WARNING * * *
The jackal skeleton bites you but does no damage.
Grinder hits you but does no damage.
The jackal skeleton bites you but does no damage.
Grinder hits you.
* * * LOW HITPOINT WARNING * * *
The jackal skeleton bites you but does no damage.
The jackal skeleton bites you but does no damage.
Grinder hits you.
* * * LOW HITPOINT WARNING * * *
The jackal skeleton completely misses you.
Grinder hits you.
* * * LOW HITPOINT WARNING * * *
The jackal skeleton bites you.
You die...

Action                   |  1- 3 |  4- 6 || total
-------------------------+-------+-------++-------
Melee: Hand axe          |    78 |       ||    78
       Dagger            |    50 |    21 ||    71
       Quarterstaff      |       |   155 ||   155
 Stab: Sleeping          |     3 |     1 ||     4
       Confused          |       |     1 ||     1
Armor: Robe              |    28 |     2 ||    30
       Chain mail        |       |    84 ||    84
Dodge: Dodged            |    83 |    73 ||   156

Levels and vault maps discovered:
D:1:      saegor_arrival_miasma, layout_basic
D:2:      layout_basic, old_standard_altar, uniq_crazy_yiuf_cottage
D:3:      layout_loops_ring, marbit_many_paths, kennysheep_another_room,
          chequers_mini_garden, nicolae_ru_the_path_less_chosen
D:4:      layout_layer_cave, serial_shops, kennysheep_little_box, uniq_menkaure,
          uniq_grinder

Notes
Turn   | Place    | Note
-------+----------+-------------------------------------------
     0 | D:1      | sanka the Ghoul Monk began the quest for the Orb.
     0 | D:1      | Reached XP level 1. HP: 19/19 MP: 0/0
   244 | D:1      | Reached XP level 2. HP: 25/27 MP: 1/1
   316 | D:1      | Reached skill level 4 in Fighting
   599 | D:1      | Reached skill level 3 in Axes
   983 | D:2      | Reached XP level 3. HP: 29/33 MP: 2/2
  1054 | D:2      | Found an ornate altar of the Wu Jian Council.
  1582 | D:2      | Found a runed translucent door.
  1583 | D:2      | Noticed Crazy Yiuf
  1684 | D:2      | Reached XP level 4. HP: 28/40 MP: 3/3
  2502 | D:2      | HP: 3/41 [Crazy Yiuf/+4 quarterstaff of chaos (11)]
  2502 | D:2      | HP: 1/41 [Crazy Yiuf/+4 quarterstaff of chaos (2)]
  2626 | D:1      | Killed Crazy Yiuf
  3090 | D:3      | Reached skill level 4 in Axes
  3378 | D:3      | Reached XP level 5. HP: 47/47 MP: 4/4
  3396 | D:3      | Reached skill level 5 in Fighting
  3944 | D:3      | Found a sacrificial altar of Ru.
  4101 | D:3      | Found a sacrificial altar of Ru.
  4377 | D:4      | Reached XP level 6. HP: 53/57 MP: 5/5
  4423 | D:4      | Found Vumamani's Distillery.
  4487 | D:3      | Reached skill level 6 in Fighting
  4760 | D:4      | Noticed Grinder
  4788 | D:4      | Paralysed by Grinder for 3 turns
  4794 | D:4      | Paralysed by Grinder for 7 turns
  4799 | D:4      | HP: 2/57 [Grinder (4)]
  4799 | D:4      | Slain by a jackal skeleton

Vanquished Creatures
  A phantom (D:3)
  A hound (D:4)
  Crazy Yiuf (D:1)
  An iguana (D:4)
  An orc wizard (D:4)
  8 adders
  An ooze (D:3)
  3 worms
  2 dart slugs (D:1)
  4 leopard geckos
  17 orcs
  4 giant cockroaches
  6 goblins
  7 hobgoblins
  A quokka (D:2)
  A ball python (D:3)
  9 bats
  6 frilled lizards
  6 kobolds
  2 leopard gecko skeletons
  5 rats
87 creatures vanquished.

Vanquished Creatures (others)
  A fungus (D:2)
1 creature vanquished.

Grand Total: 88 creatures vanquished
